 Dungeon Crawl Stone Soup version 0.30-a0-1161-g0704695 (webtiles) character file.

Game seed: 11699882812883661511

251133 PublicAnimeNo1 the Unseen (level 18, -3/146 HPs)
             Began as a Demonspawn Artificer on Feb 23, 2023.
             Was the Champion of Dithmenos.
             Killed from afar by a deep elf zephyrmancer (10 damage)
             ... with a bolt of lightning
             ... on level 1 of the Elven Halls on Apr 27, 2023.
             The game lasted 03:13:36 (42928 turns).

PublicAnimeNo1 the Unseen (Demonspawn Artificer)   Turns: 42928, Time: 03:13:37

Health: -3/146     AC: 18    Str: 23    XL:     18   Next: 93%
Magic:  1/27       EV: 15    Int: 32    God:    Dithmenos [******]
Gold:   543        SH: 10    Dex: 16    Spells: 3/35 levels left

rFire   + + .        B - +3 rapier of Purpose {freeze, Int+7}
rCold   x . .        y - +0 buckler
rNeg    + + .        t - +1 troll leather armour of Cutzir {Drain Regen+ Str+8 Int+6}
rPois   +            (helmet unavailable)
rElec   .            N - +2 cloak {Will+}
rCorr   +            A - +2 pair of gloves {Str+3}
SInv    +            I - +2 pair of boots {Fly}
Will    ++...        O - amulet of reflection Stlth **++++++++
                     o - ring of see invisible
HPRegen 1.24/turn    a - ring "Werghaublo" {Fire rPois rN++ rCorr}
MPRegen 0.20/turn

%: reflection
@: flying, wreathed by umbra
A: horns 3, molten scales 3, spiny 2, demonic magic 2, low MP 1
}: 2/15 runes: barnacled, gossamer
a: Renounce Religion, Shadow Step, Shadow Form


You were on level 1 of the Elven Halls.
You worshipped Dithmenos.
Dithmenos was exalted by your worship.
You visited 6 branches of the dungeon, and saw 31 of its levels.
You visited 1 bazaar.
You also visited: Sewer, Ossuary and Gauntlet.

You collected 5430 gold pieces.
You spent 4887 gold pieces at shops.

Inventory:

Hand Weapons
 B - the +3 rapier of Purpose (weapon) {freeze, Int+7}
   (You bought it in a shop on level 2 of the Orcish Mines)

   Int:       It affects your intelligence (+7).
Missiles
 k - 39 poisoned darts
 W - 3 throwing nets
Armour
 t - the +1 troll leather armour of Cutzir (worn) {Drain Regen+ Str+8 Int+6}
   (You bought it in a shop in a bazaar)

   Str:       It affects your strength (+8).
   Int:       It affects your intelligence (+6).
   Regen:     It increases your rate of health regeneration.
   Drain:     It drains your maximum health when unequipped.
 y - a +0 buckler (worn)
 A - a +2 pair of gloves of strength (worn)
 E - a scarf of invisibility
 I - a +2 pair of boots of flying (worn)
 N - a +2 cloak of willpower (worn)
Jewellery
 a - the ring "Werghaublo" (right hand) {Fire rPois rN++ rCorr}
   (You bought it in a shop on level 7 of the Dungeon)

   [ring of fire]

   It enhances your fire magic.
   rF:        It protects you from fire.
   rC:        It makes you vulnerable to cold.
   rPois:     It protects you from poison.
   rN:        It greatly protects you from negative energy.
   rCorr:     It protects you from acid and corrosion.
 b - a ring of willpower
 o - a ring of see invisible (left hand)
 x - an amulet of the acrobat
 C - a +6 ring of dexterity
 K - the amulet of the Beastly God {rN+ Regen+}
   (You found it on level 4 of the Shoals)

   [amulet of regeneration]

   rN:        It protects you from negative energy.
   Regen:     It increases your rate of health regeneration.
 L - a ring of magical power
 O - an amulet of reflection (around neck)
 Q - a ring of magical power
 S - a ring of resist corrosion
Wands
 d - a wand of charming (46)
 M - a wand of roots (10)
 P - a wand of polymorph (4)
 U - a wand of digging (9)
 X - a wand of quicksilver (9)
 Y - a wand of flame (30)
 Z - a wand of mindburst (2)
Scrolls
 c - 13 scrolls of teleportation
 e - 5 scrolls of fear
 f - 5 scrolls of blinking
 i - a scroll of enchant weapon
 j - a scroll of magic mapping
 s - 17 scrolls of identify
 u - 2 scrolls of silence
 z - 7 scrolls of amnesia
 G - a scroll of vulnerability
 H - a scroll of brand weapon
 T - 4 scrolls of enchant armour
 V - 2 scrolls of fog
Potions
 g - 2 potions of resistance
 h - 3 potions of invisibility
 l - 10 potions of flight
 m - 6 potions of attraction
 n - 9 potions of heal wounds
 p - 11 potions of brilliance
 q - 2 potions of haste
 v - 4 potions of mutation
 w - 5 potions of ambrosia
 D - 12 potions of curing
 F - a potion of berserk rage
 J - 4 potions of magic
 R - 7 potions of might
Miscellaneous
 r - a condenser vane


   Skills:
 + Level 14.0 Fighting
 - Level 14.0 Short Blades
 - Level 1.7 Armour
 - Level 6.7 Dodging
 + Level 16.6 Stealth
 - Level 5.0 Shields
 - Level 9.0 Spellcasting
 - Level 5.0 Translocations
 - Level 2.0 Transmutations
 - Level 6.0 Fire Magic
 + Level 14.0 Air Magic
 - Level 6.0 Poison Magic
 - Level 8.0 Invocations
 + Level 6.3 Evocations


You had 3 spell levels left.
You knew the following spells:

 Your Spells              Type           Power      Damage    Failure   Level
a - Sting                 Tmut/Pois      100%       1d8       1%          1
b - Poisonous Vapours     Pois/Air       100%       N/A       1%          2
c - Olgreb's Toxic Radia  Pois           51%        N/A       3%          4
d - Swiftness             Air            81%        N/A       1%          3
e - Shock                 Conj/Air       100%       1d9       1%          1
f - Airstrike             Air            40%        2d(6-22)  1%          4
g - Blink                 Tloc           92%        N/A       1%          2
h - Volatile Blastmotes   Fire/Tloc      100%       2d18      1%          3
i - Vhi's Electric Charg  Tloc/Air       100%       N/A       1%          3
j - Plasma Beam           Fire/Air       43%        2x1d63    12%         6
k - Ignite Poison         Fire/Tmut/Pois 60%        N/A       1%          3

Your spell library contained the following spells:

 Spells                   Type           Power      Damage    Failure   Level
 Apportation              Tloc           92%        N/A       1%          1
 Static Discharge         Conj/Air       100%       2-7/arc   1%          2
 Wereblood                Tmut           27%        N/A       3%          2
 Sublimation of Blood     Necr           14%        N/A       7%          2
 Summon Guardian Golem    Hex/Summ       14%        N/A       14%         3
 Summon Lightning Spire   Summ/Air       56%        N/A       2%          4
 Manifold Assault         Tloc           46%        N/A       6%          4
 Passage of Golubria      Tloc           46%        N/A       6%          4
 Arcjolt                  Conj/Air       28%        1d38      7%          5
 Silence                  Hex/Air        28%        N/A       7%          5
 Sticky Flame             Conj/Fire      50%        2d7       13%         4
 Iskenderun's Mystic Bla  Conj/Tloc      30%        2d8       16%         4
 Alistair's Intoxication  Tmut/Pois      26%        N/A       24%         5
 Ice Form                 Ice/Tmut       20%        N/A       30%         4
 Petrify                  Tmut/Erth      20%        N/A       30%         4
 Fireball                 Conj/Fire      25%        3d11      36%         5
 Conjure Ball Lightning   Conj/Air       28%        3x3d8     36%         6
 Animate Dead             Necr           14%        N/A       41%         4
 Fulminant Prism          Conj/Hex       7%         3d7       41%         4
 Summon Ice Beast         Ice/Summ       14%        N/A       41%         4
 Irradiate                Conj/Tmut      10%        3d15      63%         5
 Maxwell's Capacitive Co  Air            40%        ∞         67%         8
 Iskenderun's Battlesphe  Conj           14%        2d7       77%         5
 Lee's Rapid Deconstruct  Erth           7%         3d6*      77%         5
 Metabolic Englaciation   Hex/Ice        7%         N/A       77%         5
 Summon Mana Viper        Hex/Summ       14%        N/A       77%         5
 Storm Form               Tmut/Air       30%        N/A       82%         7
 Statue Form              Tmut/Erth      13%        N/A       99%         6
 Haunt                    Necr/Summ      7%         N/A       100%        7
 Monstrous Menagerie      Summ           7%         N/A       100%        7
 Orb of Destruction       Conj           7%         9d6       100%        7
 Summon Hydra             Summ           7%         N/A       100%        7
 Ignition                 Fire           34%        3d10      100%        8
 Infestation              Necr           7%         N/A       100%        8
 Lehudib's Crystal Spear  Conj/Erth      7%         10d3      100%        8


Dungeon Overview and Level Annotations

Branches:
Dungeon (15/15)            Temple (0/1) D:6            Lair (5/5) D:8
 Shoals (4/4) Lair:3       Spider (4/4) Lair:3        Slime (0/5) Lair:5
    Orc (2/2) D:10            Elf (1/3) Orc:2        Vaults (0/5) D:14
 Depths (0/4) D:15          Sewer (visited)         Ossuary (visited)
Gauntlet (visited)

Altars:
Ashenzari
Cheibriados
Dithmenos
Fedhas
Gozag
Nemelex Xobeh
Okawaru
Qazlal
Wu Jian
Yredelemnul

Shops:
D:4 !   D:7 =!   D:12 :((?   D:14 *   Orc:1 *   Orc:2 !=(*[   Shoals:1 *
Shoals:2 (   Shoals:4 !

Annotations:
D:9 Psyche
Lair:5 exclusion: obsidian statue


Innate Abilities, Weirdness & Mutations

You have a pair of large horns on your head.
You are completely covered in molten scales. (AC +4, rF+)
You are mostly covered in sharp spines.
Spells you cast may paralyse nearby enemies.
Your magical capacity is low. (-10% MP)


Message History

You kill the deep elf archer!
Dithmenos accepts your kill.
The deep elf zephyrmancer seems to burn from within!!!
You kill the deep elf zephyrmancer!
Dithmenos accepts your kill.
The deep elf archer seems to burn from within!!
You kill the deep elf archer!
Dithmenos accepts your kill. Malevolent energies surge around you.
Your toxic aura wanes.
Your condenser vane has recharged.
Your Fighting skill increases to level 14!
An orc sorcerer and a deep elf zephyrmancer come into view.
The orc sorcerer is wielding a +0 dagger and wearing a +2 robe of willpower.
Casting: Ignite Poison (safe; 1% risk of failure)
Confirm with . or Enter, or press ? or * to list all spells.
You don't have enough magic to cast this spell.
Unknown command.
The deep elf zephyrmancer shouts!
You hit the fire elemental. You freeze the fire elemental.
The fire elemental is moderately damaged.
The fire elemental is struck by your spines.
The fire elemental hits you. The fire elemental burns you! You resist.
You hit the fire elemental. You freeze the fire elemental.
You headbutt the fire elemental!
The fire elemental is severely damaged.
Your shadow hits the fire elemental but does no damage.
The deep elf zephyrmancer gestures at you while chanting.
The bolt of lightning hits the fire elemental!
The fire elemental resists.
The fire elemental is destroyed!
The bolt of lightning hits you!!
* * * LOW HITPOINT WARNING * * *
The bolt of lightning hits you!
* * * LOW HITPOINT WARNING * * *
The deep elf zephyrmancer casts a spell at you.
The bolt of lightning hits you!!
* * * LOW HITPOINT WARNING * * *
The bolt of lightning hits you!
You die...

,,**,,,,,****,,,,,,,,,+,,,,,,,,,+
,,,,,,,,,..,,,..,,,,,,******,*,,,
,+***,***#.#**#.,,,,*** *,,,,,
**,**,*,,....,#o*,*** ***,,⌠
***,*,*,,)..§.#.*** *,,,
**,,*,,,,e))#e* *,,,
**,,,,,8,○.ee* ****
*,*,,,,,,,#.### *,*,,,,,,,#§@§###
*,*,,,,,,,#§#)§§#
*,****,***#.#.#§#
**,,,,,......§.#.#############
**,,***,.########...?.#.$.)....
**,*** *,** #...⌠.#......⌠. **,**
*,* #.....#........ *,** *,*
###.|.##.)##)). +** *,*
#...#...)#)).


You could see 4 deep elf zephyrmancers and an orc sorcerer.

Vanquished Creatures
  Saint Roka (Orc:2)
  Bai Suzhen (Spider:4)
  Nikola (Shoals:1)
  Arachne (Spider:4)
  Jorgrun (D:12)
  Polyphemus (Shoals:3)
  A kraken (Shoals:1)
  Frances (D:14)
  Kirke (D:14)
  A fire giant (D:10)
  3 ghost moths
  4 emperor scorpions
  Aizul (Spider:2)
  2 very ugly things (D:15)
  10 broodmothers
  An ironbound preserver (D:14)
  4 spark wasps
  Azrael (D:15)
  A minotaur (Gauntlet)
  7 merfolk javelineers
  9 merfolk impalers
  Snorg (Lair:4)
  3 entropy weavers
  Josephine (Shoals:1)
  A great orb of eyes (D:15)
  4 hydras
  3 jorogumos
  2 catoblepae
  An ogre mage (D:10)
  Erica (D:8)
  6 merfolk aquamancers
  5 centaur warriors
  2 merfolk avatars (Shoals:4)
  A satyr (shapeshifter) (D:15)
  7 boulder beetles
  11 two-headed ogres
  2 satyrs (Shoals:4)
  12 death yaks
  A sun demon (D:15)
  4 orc high priests
  2 deep elf knights (Elf:1)
  5 skysharks
  A fire crab (shapeshifter) (D:14)
  7 pharaoh ants
  6 skeletal warriors
  15 sea snakes
  A sun moth (Spider:1)
  A deep troll (D:10)
  A spectral anaconda (Lair:5)
  7 orb spiders
  Lodul (D:11)
  2 wizards
  2 deep elf archers (Elf:1)
  5 deep elf pyromancers
  7 orc knights
  20 wolf spiders
  17 harpies
  12 steelbarb worms
  6 deep elf zephyrmancers (Elf:1)
  10 cyclopes
  7 orc sorcerers
  13 fauns
  15 manticores
  18 elephants
  20 ugly things
  9 merfolk sirens
  2 rust devils (D:15)
  11 slime creatures
  7 water nymphs
  3 black mambas
  4 moths of wrath
  Maurice (D:9)
  2 smoke demons
  7 demonic crawlers
  10 cane toads
  A gargoyle (D:12)
  11 torpor snails
  An orange demon (D:15)
  A rime drake (Lair:5)
  2 ice devils
  7 kobold demonologists
  10 komodo dragons
  2 red devils (D:15)
  12 trolls
  4 meliai (Spider:4)
  A polar bear (Lair:4)
  A hellwing (D:15)
  28 merfolk
  30 tarantellas
  4 wind drakes
  9 dream sheep
  Grinder (D:6)
  3 blink frogs (Lair:1)
  6 snapping turtles
  21 jumping spiders
  8 wraiths
  A centaur simulacrum (Gauntlet)
  17 culicivoras
  2 ynoxinuls (D:15)
  18 water elementals
  2 shadows (D:10)
  2 dire elephant simulacra (Lair:5)
  A vampire (D:13)
  3 wyverns
  51 yaks
  A yak (shapeshifter) (D:14)
  2 fire elementals (D:15)
  4 hogs (D:14)
  2 humans (D:8)
  A neqoxec (D:15)
  4 chaos spawn (D:15)
  4 basilisks
  2 death yak simulacra (Lair:5)
  45 redbacks
  8 wargs
  13 vampire mosquitoes
  4 spectral cane toads (Lair:5)
  Menkaure (D:7)
  A two-headed ogre zombie (D:10)
  4 hell hounds (D:15)
  An acid dragon (D:11)
  8 water moccasins
  27 orc warriors
  2 sky beasts (D:7)
  9 black bears
  4 ice beasts
  An elephant skeleton (Lair:5)
  10 wolves
  16 ogres
  6 centaurs
  A phantom (D:10)
  8 kobold brigands
  10 bullfrogs
  3 gnoll sergeants
  6 jellies
  A necrophage (D:6)
  2 scorpions (D:5)
  13 wights
  A hornet simulacrum (Gauntlet)
  An elephant simulacrum (Lair:5)
  23 killer bees
  2 troll zombies (D:10)
  3 howler monkeys
  An electric eel (Spider:1)
  4 crimson imps (D:13)
  15 orc priests
  6 hounds
  A human zombie (D:4)
  An iguana (D:5)
  A sleepcap (D:7)
  30 orc wizards
  4 hell rats (Lair:5)
  5 ogre zombies (D:10)
  A mummy (Ossuary)
  9 gnolls
  12 adders
  A river rat (Sewer)
  6 white imps
  3 ufetubi
  3 worms
  3 dart slugs
  57 orcs
  5 bats
  10 endoplasms
  7 giant cockroaches
  9 goblins
  4 hobgoblins
  3 jackals (Sewer)
  8 quokkas
  5 ball pythons
  5 frilled lizards
  6 gnoll skeletons (Ossuary)
  A goblin skeleton (D:10)
  A goblin zombie (D:10)
  A hobgoblin skeleton (D:10)
  2 hobgoblin zombies
  48 kobolds
  11 kobold skeletons (Ossuary)
  9 orc skeletons
  19 orc zombies (D:10)
  6 rats
  2 tentacles (Shoals:1)
1217 creatures vanquished.

Vanquished Creatures (collateral kills)
  2 blink frogs (Lair:1)
  A warg (Orc:2)
  An orc warrior (Orc:2)
  A killer bee (D:7)
5 creatures vanquished.

Vanquished Creatures (others)
  A deep elf pyromancer (D:14)
  A fire elemental (Elf:1)
  An ice dragon simulacrum (Gauntlet)
  A demonic plant (D:15)
  15 fungi
  57 plants
  2 tentacles (Shoals:1)
  7 withered plants (Lair:5)
85 creatures vanquished.

Grand Total: 1307 creatures vanquished

Notes
Turn   | Place    | Note
-------+----------+-------------------------------------------
     0 | D:1      | PublicAnimeNo1 the Demonspawn Artificer began the quest for
                  | the Orb.
     0 | D:1      | Reached XP level 1. HP: 15/15 MP: 1/1
   158 | D:1      | Gained mutation: Spells you cast may paralyse adjacent
                  | enemies. [demonic ancestry]
   158 | D:1      | Reached XP level 2. HP: 21/22 MP: 2/2
   673 | D:2      | Learned a level 1 spell: Sting
  1096 | D:2      | Reached XP level 3. HP: 27/29 MP: 3/3
  1715 | D:3      | Gained mutation: You are partially covered in sharp spines.
                  | [demonic ancestry]
  1715 | D:3      | Reached XP level 4. HP: 36/37 MP: 4/4
  2049 | D:4      | Reached skill level 5 in Fighting
  2049 | D:4      | Reached XP level 5. HP: 33/44 MP: 5/5
  2087 | D:4      | Found Yraisuakk's Distillery.
  2090 | D:4      | Found a sand-covered staircase.
  2121 | D:4      | Reached skill level 1 in Dodging
  2121 | D:4      | Reached skill level 1 in Stealth
  2236 | D:4      | Bought a potion of might for 44 gold pieces
  2236 | D:4      | Bought a potion of heal wounds for 55 gold pieces
  2245 | Ossuary  | Entered an ossuary
  2245 | Ossuary  | Noticed a wraith
  2245 | Ossuary  | Noticed a wraith
  2245 | Ossuary  | Noticed a wraith
  2368 | Ossuary  | Noticed a wraith
  2427 | Ossuary  | HP: 2/66 [wraith (8)]
  2437 | Ossuary  | HP: 2/66 [wraith (9)]
  2438 | Ossuary  | Killed a wraith
  2439 | Ossuary  | Reached skill level 1 in Short Blades
  2439 | Ossuary  | Reached skill level 2 in Stealth
  2439 | Ossuary  | Reached skill level 1 in Shields
  2439 | Ossuary  | Gained mutation: You have a pair of small horns on your
                  | head. [demonic ancestry]
  2439 | Ossuary  | Reached XP level 6. HP: 3/51 MP: 6/6
  2906 | D:4      | Noticed an angel
  3289 | D:5      | Entered Level 5 of the Dungeon
  3350 | D:5      | Reached skill level 1 in Spellcasting
  3350 | D:5      | Gained mutation: You have a pair of horns on your head.
                  | [demonic ancestry]
  3350 | D:5      | Reached XP level 7. HP: 38/56 MP: 8/8
  3381 | D:5      | Found a glowing drain.
  3385 | Sewer    | Entered a sewer
  3516 | Sewer    | Reached skill level 3 in Stealth
  3719 | D:5      | Got Nieckuxept's Reference Book on Interference and the
                  | Winter
  4170 | D:5      | Learned a level 1 spell: Sting
  4215 | D:5      | Gained mutation: You are partially covered in molten
                  | scales. (AC +2) [demonic ancestry]
  4215 | D:5      | Reached XP level 8. HP: 22/62 MP: 11/11
  4657 | D:6      | Reached skill level 4 in Stealth
  4718 | D:6      | Noticed Grinder
  4727 | D:6      | Killed Grinder
  4994 | D:6      | Upgraded the game from 0.30-a0-802-gb92711b to
                  | 0.30-a0-883-g5ad918d
  5022 | D:6      | Reached skill level 1 in Transmutations
  5022 | D:6      | Reached skill level 1 in Poison Magic
  5313 | D:6      | Learned a level 2 spell: Poisonous Vapours
  5392 | D:6      | Found a staircase to the Ecumenical Temple.
  5442 | D:6      | Found a shadowy altar of Dithmenos.
  5451 | D:6      | Became a worshipper of Dithmenos the Shadowed
  5587 | D:7      | Found Segagekk's Jewellery Shoppe.
  5646 | D:7      | Reached skill level 5 in Short Blades
  5646 | D:7      | Gained mutation: You are mostly covered in molten scales.
                  | (AC +3) [demonic ancestry]
  5646 | D:7      | Reached XP level 9. HP: 68/69 MP: 13/13
  5787 | D:7      | Noticed Menkaure
  5788 | D:7      | Reached skill level 5 in Stealth
  5798 | D:7      | Killed Menkaure
  6176 | D:7      | Found Vaurgh's Distillery.
  6184 | D:7      | Bought a potion of haste for 120 gold pieces
  6184 | D:7      | Bought a potion of heal wounds for 60 gold pieces
  6294 | D:7      | Reached * piety under Dithmenos
  6912 | D:8      | Found a staircase to the Lair.
  6912 | D:8      | Noticed an elephant
  6976 | D:8      | Noticed Erica
  7001 | D:8      | Upgraded the game from 0.30-a0-883-g5ad918d to
                  | 0.30-a0-916-g9813417
  7065 | D:8      | Found an iron altar of Okawaru.
  7139 | D:8      | Reached skill level 1 in Air Magic
  7312 | D:8      | Reached skill level 6 in Stealth
  7462 | D:8      | Killed an elephant
  7463 | D:8      | Gained mutation: You are completely covered in molten
                  | scales. (AC +4, rF+) [demonic ancestry]
  7463 | D:8      | Reached XP level 10. HP: 48/77 MP: 7/14
  7579 | D:8      | Identified the +6 hand axe "Nose" {flame, rC+ Will+ Str+3
                  | Stlth+}
  7616 | Lair:1   | Entered Level 1 of the Lair of Beasts
  7819 | Lair:1   | HP: 3/77 [yak (12)]
  7825 | Lair:1   | Reached skill level 7 in Stealth
  8176 | Lair:1   | Noticed an elephant
  8178 | Lair:1   | Noticed an elephant
  8346 | Lair:1   | Reached ** piety under Dithmenos
  8502 | Lair:1   | Noticed a cane toad
  8509 | Lair:1   | Killed a cane toad
  8510 | Lair:1   | Reached XP level 11. HP: 83/83 MP: 15/15
  9010 | Lair:1   | Reached skill level 8 in Stealth
  9027 | Lair:1   | Reached skill level 5 in Air Magic
  9393 | Lair:2   | Reached skill level 10 in Short Blades
  9429 | Lair:2   | Noticed a seven-headed hydra
  9633 | D:8      | Learned a level 4 spell: Olgreb's Toxic Radiance
  9798 | D:8      | Killed Erica
  9799 | D:8      | Reached skill level 1 in Invocations
 10146 | D:9      | Reached *** piety under Dithmenos
 10150 | D:9      | Noticed a two-headed ogre
 10391 | D:9      | Found an opulent altar of Gozag.
 10396 | D:9      | Found a stormy altar of Qazlal.
 10400 | D:9      | Found a snail-covered altar of Cheibriados.
 10401 | D:9      | Found a basalt altar of Yredelemnul.
 10678 | D:9      | Noticed Maurice
 10706 | D:9      | Killed Maurice
 10804 | D:9      | Learned a level 3 spell: Swiftness
 10902 | D:9      | Killed a two-headed ogre
 10903 | D:9      | Reached skill level 5 in Poison Magic
 11028 | D:9      | Found a blossoming altar of Fedhas.
 11160 | D:9      | Reached skill level 9 in Stealth
 11187 | D:9      | Reached **** piety under Dithmenos
 11312 | D:9      | Found a sparkling altar of Nemelex Xobeh.
 11389 | D:9      | Noticed Psyche
 11471 | D:10     | Entered Level 10 of the Dungeon
 11754 | D:10     | Reached skill level 5 in Invocations
 11829 | D:10     | Gained mutation: You are mostly covered in sharp spines.
                  | [demonic ancestry]
 11829 | D:10     | Reached XP level 12. HP: 92/92 MP: 16/16
 11874 | D:10     | Noticed a catoblepas
 11883 | D:10     | Killed a catoblepas
 11966 | D:10     | Noticed a two-headed ogre
 11975 | D:10     | Killed a two-headed ogre
 12449 | D:10     | Found a staircase to the Orcish Mines.
 12488 | D:10     | Learned a level 1 spell: Shock
 12740 | D:10     | Reached ***** piety under Dithmenos
 12997 | D:10     | Noticed a fire giant
 12997 | D:10     | Noticed an ogre mage
 13464 | D:11     | Noticed Lodul
 13652 | D:11     | Noticed a two-headed ogre
 13667 | D:11     | Killed a two-headed ogre
 13668 | D:11     | Reached skill level 10 in Stealth
 13716 | D:11     | Noticed a two-headed ogre
 13902 | D:11     | Killed a two-headed ogre
 14104 | D:11     | Noticed a boulder beetle
 14113 | D:11     | Killed a boulder beetle
 14118 | D:11     | Noticed a two-headed ogre
 14129 | D:11     | Killed a two-headed ogre
 14943 | D:11     | Killed Lodul
 14944 | D:11     | Reached XP level 13. HP: 74/101 MP: 9/20
 15075 | D:12     | Found Uwkoacuo's Antique Weapon Emporium.
 15104 | D:12     | Found a flickering gateway to a bazaar.
 15115 | Bazaar   | Entered a bazaar
 15115 | Bazaar   | Found Dasied's Assorted Antiques.
 15115 | Bazaar   | Found Tianah's Magic Scroll Shop.
 15115 | Bazaar   | Found Itabe's Armour Shoppe.
 15190 | Bazaar   | Found Ucoprus's Distillery.
 15241 | Bazaar   | Bought a scroll of blinking for 150 gold pieces
 15249 | Bazaar   | Bought the +1 troll leather armour of Cutzir {Drain Regen+
                  | Str+8 Int+6} for 508 gold pieces
 15249 | Bazaar   | Bought a +2 pair of boots of flying for 215 gold pieces
 15272 | Bazaar   | Bought a potion of might for 28 gold pieces
 15272 | Bazaar   | Bought a potion of curing for 21 gold pieces
 15272 | Bazaar   | Bought a potion of invisibility for 56 gold pieces
 15272 | Bazaar   | Bought a potion of curing for 21 gold pieces
 15272 | Bazaar   | Bought a potion of might for 28 gold pieces
 15272 | Bazaar   | Bought a potion of magic for 56 gold pieces
 15272 | Bazaar   | Bought a potion of heal wounds for 35 gold pieces
 15355 | D:12     | Found Kybawn's Magic Scroll Shoppe.
 15372 | D:12     | Reached skill level 5 in Spellcasting
 15381 | D:12     | Found Qirghe's Weapon Boutique.
 15528 | D:12     | Noticed Jorgrun
 16044 | D:12     | Reached skill level 11 in Stealth
 16107 | D:12     | Reached skill level 10 in Fighting
 16140 | D:12     | Killed Jorgrun
 16245 | D:12     | Found Taohe's Book Emporium.
 17498 | Lair:3   | Reached ****** piety under Dithmenos
 17673 | Lair:3   | Identified the +0 chain mail of Immorality {rF+ rN+ rCorr}
 17747 | Lair:3   | Found a staircase to the Shoals.
 17850 | Lair:3   | Found a hole to the Spider Nest.
 17852 | Lair:3   | Identified the +3 robe of Bad Feelings {-Cast +Blink rN+
                  | Will++}
 18059 | Lair:3   | Reached XP level 14. HP: 76/111 MP: 2/24
 18064 | Lair:3   | Learned a level 4 spell: Airstrike
 18784 | Lair:4   | Noticed Snorg
 18790 | Lair:4   | Killed Snorg
 18912 | Lair:4   | Reached skill level 12 in Stealth
 19757 | Lair:5   | Entered Level 5 of the Lair of Beasts
 20670 | Lair:5   | Identified the +7 plate armour "Vutyiro" {rF+ rC+ Will+
                  | Dex-5}
 20822 | Lair:5   | Found a staircase to the Slime Pits.
 21124 | Orc:1    | Entered Level 1 of the Orcish Mines
 21125 | Orc:1    | Found Ycsu's General Store.
 21678 | Orc:2    | Entered Level 2 of the Orcish Mines
 21680 | Orc:2    | Found a staircase to the Elven Halls.
 21755 | Orc:2    | Learned a level 2 spell: Blink
 22203 | Orc:2    | Learned a level 3 spell: Volatile Blastmotes
 22293 | Orc:2    | Found Bamucu's Distillery.
 22319 | Orc:2    | Reached skill level 1 in Translocations
 22488 | Orc:2    | Reached skill level 5 in Shields
 22664 | Orc:2    | Noticed Saint Roka
 22889 | D:10     | Killed a fire giant
 23558 | D:13     | Gained mutation: You have a pair of large horns on your
                  | head. [demonic ancestry]
 23558 | D:13     | Reached XP level 15. HP: 120/120 MP: 24/27
 23623 | D:12     | Identified the +2 helmet of Qesuniwkae {Int+4 SInv}
 24042 | D:14     | Found a gate to the Vaults.
 24129 | D:14     | Found a broken altar of Ashenzari.
 24206 | D:14     | Reached skill level 10 in Air Magic
 24214 | D:14     | Found a gate leading to a gauntlet.
 24235 | D:14     | Reached skill level 13 in Stealth
 24280 | Gauntlet | Entered a Gauntlet
 24280 | Gauntlet | Found a transporter.
 24280 | Gauntlet | Found a transporter.
 24286 | Gauntlet | Found a transporter.
 24300 | Gauntlet | Found a transporter.
 24317 | Gauntlet | Found a transporter.
 24317 | Gauntlet | Found a transporter.
 24317 | Gauntlet | Found a transporter.
 24319 | Gauntlet | Found a transporter.
 24319 | Gauntlet | Found a transporter.
 24330 | Gauntlet | Found a runed translucent gate.
 24331 | Gauntlet | Found a transporter.
 24332 | Gauntlet | Found a runed translucent gate.
 24333 | Gauntlet | Found a runed translucent gate.
 24348 | Gauntlet | Found a transporter.
 24449 | Gauntlet | Found a transporter.
 24511 | Gauntlet | Found a transporter.
 24563 | Gauntlet | Found a transporter.
 24603 | Gauntlet | HP: 1/121 [minotaur/bolt (31)]
 25024 | D:12     | Bought a scroll of brand weapon for 133 gold pieces
 25219 | D:14     | Noticed Kirke
 25233 | D:14     | Killed Kirke
 25365 | D:14     | Found Paitiuch's Assorted Antiques.
 25371 | D:14     | Bought a scroll labelled RETOPU BIHEL for 31 gold pieces
 25657 | D:14     | Noticed Frances
 25951 | D:14     | Killed Frances
 26271 | D:15     | Entered Level 15 of the Dungeon
 26324 | D:15     | Noticed Azrael
 26347 | D:15     | Killed Azrael
 26348 | D:15     | Reached skill level 5 in Dodging
 27575 | Orc:2    | Bought a potion of heal wounds for 70 gold pieces
 27575 | Orc:2    | Bought a potion of heal wounds for 70 gold pieces
 27575 | Orc:2    | Bought a potion of heal wounds for 70 gold pieces
 27575 | Orc:2    | Bought 2 potions of invisibility for 224 gold pieces
 27820 | Orc:2    | Killed Saint Roka
 27830 | Orc:2    | Found Joghu's Jewellery Shop.
 27839 | Orc:2    | Found Vunt's Antique Weapon Shop.
 27848 | Orc:2    | Found Xafod's Antique Armour Shop.
 27857 | Orc:2    | Reached skill level 5 in Translocations
 27922 | Orc:2    | Found Ungiovve's General Store.
 27929 | Orc:2    | Bought a condenser vane for 480 gold pieces
 28304 | Orc:2    | Bought a faintly glowing rapier for 279 gold pieces
 28304 | Orc:2    | Identified the +3 rapier of Purpose {freeze, Int+7} (You
                  | bought it in a shop on level 2 of the Orcish Mines)
 28434 | D:7      | Bought the ring "Werghaublo" {Fire rPois rN++ rCorr} for
                  | 627 gold pieces
 28574 | D:12     | Acquired 907 gold pieces
 28576 | D:12     | Bought a book of Lightning for 532 gold pieces
 28580 | D:12     | Learned a level 3 spell: Vhi's Electric Charge
 28586 | D:12     | Learned a level 6 spell: Plasma Beam
 28748 | D:13     | Upgraded the game from 0.30-a0-916-g9813417 to
                  | 0.30-a0-1161-g0704695
 29391 | D:15     | Reached skill level 1 in Fire Magic
 29431 | D:15     | Reached XP level 16. HP: 129/129 MP: 28/28
 29844 | D:15     | Gained mutation: Your magical capacity is low. (-10% MP) [a
                  | neqoxec]
 29972 | D:15     | Found an ornate altar of the Wu Jian Council.
 30147 | D:15     | Found a staircase to the Depths.
 30506 | Orc:2    | Bought a ring of protection from fire for 350 gold pieces
 30697 | Spider:1 | Entered Level 1 of the Spider Nest
 30876 | Spider:1 | Reached skill level 14 in Stealth
 32404 | Spider:2 | Learned a level 3 spell: Ignite Poison
 32809 | Spider:2 | Noticed Aizul
 32825 | Spider:2 | Killed Aizul
 33693 | Spider:3 | Gained mutation: Spells you cast may paralyse nearby
                  | enemies. [demonic ancestry]
 33693 | Spider:3 | Reached XP level 17. HP: 135/135 MP: 19/27
 34428 | Spider:4 | Entered Level 4 of the Spider Nest
 34428 | Spider:4 | Noticed Arachne
 34434 | Spider:4 | Killed Arachne
 34482 | Spider:4 | Noticed Bai Suzhen
 34486 | Spider:4 | Killed Bai Suzhen
 34489 | Spider:4 | Reached skill level 5 in Fire Magic
 35338 | Spider:4 | Reached skill level 15 in Stealth
 36143 | Spider:4 | Got a gossamer rune of Zot
 37016 | Shoals:1 | Entered Level 1 of the Shoals
 37082 | Shoals:1 | Found Etilam's Overcharged Wands.
 37338 | Shoals:1 | Identified the +1 long sword of Beododeq {vamp, rC+ Int-4
                  | SInv}
 37371 | Shoals:1 | Noticed Josephine
 37378 | Shoals:1 | Killed Josephine
 37515 | Shoals:1 | Noticed Nikola
 37528 | Shoals:1 | Killed Nikola
 38054 | Shoals:1 | Noticed a kraken
 38059 | Shoals:1 | Killed a kraken
 38330 | Shoals:2 | Reached XP level 18. HP: 129/142 MP: 19/27
 38715 | Shoals:2 | Found Dybus's Weapon Shoppe.
 39802 | Shoals:3 | Identified the +2 war axe "Fejuarir" {spect, rN+}
 40289 | Shoals:3 | Noticed Polyphemus
 40312 | Shoals:3 | Killed Polyphemus
 40313 | Shoals:3 | Reached skill level 16 in Stealth
 40614 | Shoals:4 | Entered Level 4 of the Shoals
 41185 | Shoals:4 | Got a barnacled rune of Zot
 41278 | Shoals:4 | Reached skill level 5 in Evocations
 41420 | Shoals:4 | Identified the staff of earth "Niola" {Fly Int+3}
 41951 | Shoals:4 | Identified the amulet of the Beastly God {rN+ Regen+}
 42038 | Shoals:4 | Found Beop's Distillery.
 42047 | Shoals:4 | Bought a potion of magic for 144 gold pieces
 42047 | Shoals:4 | Bought a potion of heal wounds for 90 gold pieces
 42047 | Shoals:4 | Bought a potion of heal wounds for 90 gold pieces
 42737 | Elf:1    | Entered Level 1 of the Elven Halls
 42787 | Orc:2    | Bought a ring of ice for 300 gold pieces
 42928 | Elf:1    | HP: 7/146 [deep elf zephyrmancer/bolt of lightning (20)]
 42928 | Elf:1    | Killed from afar by a deep elf zephyrmancer

Illustrated notes

Levels and vault maps discovered:
D:1:      dpeg_arrival_ternary, layout_basic
D:2:      layout_basic, minmay_tripent
D:3:      layout_loops_ring, minmay_joined_circles
D:4:      layout_basic, zin_angel, enter_ossuary_3, serial_shops, shop,
          minmay_misc_feat_rows
D:5:      layout_loops_ring, gup_sewer_entry_bowl
D:6:      layout_gridville, grunt_dithmenos_smoke_and_mirrors,
          minmay_temple_entry_trees, uniq_grinder
D:7:      layout_layer_cave, serial_shops, nicolae_shop_advertising_works
          [nicolae_subvault_shop_adworks], shop, minmay_quadrilaterals,
          uniq_menkaure
D:8:      layout_cave_pods, okawaru_humans, david_lair_generic, uniq_erica
D:9:      layout_rooms, fedhas_altar_3, nemelex_diamond_rough_becter,
          minitemple, uniq_psyche, uniq_maurice
D:10:     minmay_the_grid_octo_tiled_squarecenter
          [minmay_the_grid_octo_fan_narrow, minmay_the_grid_octo_chip,
          minmay_the_grid_octo_clover_2, minmay_the_grid_octo_tetromino_candy,
          minmay_the_grid_square_5x5_megaprize_hollow,
          minmay_the_grid_square_5x5_longway,
          minmay_the_grid_square_5x5_minivault,
          minmay_the_grid_square_5x5_shuriken,
          minmay_the_grid_square_5x5_one_wall], layout_long_grid,
          zombieorc2_lemuel, wad_scary_box
D:11:     minmay_angry_zag, layout_small_grid, minmay_unpleasant_kobolds,
          uniq_lodul
D:12:     layout_roguey, serial_shops, bzr_entry_customers,
          nicolae_lakefront_shop, shop_coins, nicolae_shop_hallway_plus,
          nicolae_shop_overgrown_old_shop, kennysheep_minor_cross, uniq_jorgrun
D:13:     layout_basic, minmay_splitting_lines, minmay_fire_ice_demons
D:14:     layout_basic, skrybe_vaults_entry_preservation,
          ashenzari_conservatory_becter, gauntlet_entry_generic, serial_shops,
          kennysheep_little_box, uniq_frances, uniq_kirke
D:15:     gammafunk_enter_depths_forms, layout_irregular_city, serial_demonic,
          serial_demonic_a, serial_demonic_e, serial_demonic_d,
          serial_demonic_d, serial_demonic_b, serial_demonic_b,
          pdpol_wu_jian_five_deadly_venoms, uniq_azrael
Lair:1:   layout_long_grid
Lair:2:   layout_regular_city
Lair:3:   layout_loops_ring, elwin_shoals_entry_rocks,
          spider_nest_entry_web_field, beast_lair_carwin_11, grunt_megastairs_4
Lair:4:   layout_layer_cave, chequers_serial_rivers_marsh,
          infiniplex_staircase_pool, lemuel_fruit_tree, uniq_snorg
Lair:5:   due_jungle_book, layout_regular_city, slime_entry_1,
          grunt_megastairs_5
Shoals:1: layout_shoals, nicolae_shop_overcharged_wands, uniq_nikola,
          uniq_josephine
Shoals:2: layout_shoals, serial_shops, shop_fountains
Shoals:3: layout_shoals, uniq_polyphemus
Shoals:4: shoals_end_simple, layout_shoals, serial_shops,
          nicolae_lakefront_shop, nicolae_shoals_elemental_ambush
Spider:1: nicolae_spider_obnoxious_hallway
Spider:2: layout_spider_delve, uniq_aizul
Spider:3: layout_spider_delve
Spider:4: hellmonk_spider_rune_endless_swarm, uniq_arachne, uniq_bai_suzhen
Orc:1:    layout_caves, serial_shops, shop, basic_altar
Orc:2:    grunt_orc_cross, layout_diamond_mine, guppyfry_orc_lava_fort
Elf:1:    nicolae_elf_arrival_no_cutting_in_line, layout_geoelf_diagonals,
          gammafunk_ghost_berserking_beasts,
          portal_ice_cave_entry_ice_statue_two, minivault_28,
          hellmonk_bongcloud_opening, corexii_hall_statues_t,
          dreamdust_wishing_well, columned_hall_lemuel

Skill      XL: |  1  2  3  4  5  6  7  8  9 10 11 12 13 14 15 16 17 18 |
---------------+-------------------------------------------------------+-----
Fighting       | 2 3 5 6 8 9 10 12 14 | 14.0
Dodging        | 1 2 3 5 6 |  6.7
Stealth        | 2 3 4 6 7 9 10 11 12 13 14 15 16 | 16.6
Short Blades   | 1 2 3 5 7 9 10 11 13 14 | 14.0
Shields        | 1 2 3 5 |  5.0
Spellcasting   | 1 2 3 4 7 8 9 |  9.0
Transmutations | 1 2 |  2.0
Poison Magic   | 2 4 5 6 |  6.0
Air Magic      | 2 4 5 7 8 9 10 11 12 14 | 14.0
Invocations    | 5 8 |  8.0
Translocations | 2 5 |  5.0
Fire Magic     | 1 4 6 |  6.0
Evocations     | 6 |  6.3
Armour         | |  1.7

Action                     |  1- 3 |  4- 6 |  7- 9 | 10-12 | 13-15 | 16-18 || total
---------------------------+-------+-------+-------+-------+-------+-------++-------
  Melee: Club              |    13 |       |       |       |       |       ||    13
         Dagger            |   112 |   169 |    82 |       |       |       ||   363
         Punch             |     4 |     1 |       |       |       |       ||     5
         Headbutt          |       |     2 |    75 |   149 |   266 |   208 ||   700
         Short sword       |       |       |   234 |   653 |   871 |       ||  1758
         Rapier            |       |       |       |       |    40 |   705 ||   745
   Fire: Sling             |    45 |    78 |    42 |       |       |       ||   165
   Cast: Sting             |       |       |    11 |    39 |     5 |       ||    55
         Poisonous Vapours |       |       |     2 |    59 |    19 |   128 ||   208
         Olgreb's Toxic Ra |       |       |       |    17 |    85 |   101 ||   203
         Shock             |       |       |       |    55 |    13 |     2 ||    70
         Airstrike         |       |       |       |       |   128 |    91 ||   219
         Volatile Blastmot |       |       |       |       |     7 |     2 ||     9
         Vhi's Electric Ch |       |       |       |       |     1 |     5 ||     6
         Plasma Beam       |       |       |       |       |     1 |     2 ||     3
         Blink             |       |       |       |       |       |     6 ||     6
         Ignite Poison     |       |       |       |       |       |    56 ||    56
 Invoke: Shadow Step       |       |       |       |     1 |     1 |     3 ||     5
  Evoke: Wand              |     9 |    11 |    10 |     9 |    17 |    12 ||    68
         Condenser vane    |       |       |       |       |       |     4 ||     4
    Use: Scroll            |     6 |    11 |     4 |     4 |    12 |     2 ||    39
         Potion            |       |     5 |     3 |     6 |    10 |     4 ||    28
   Stab: Sleeping          |       |       |     9 |    17 |    58 |    48 ||   132
         Paralysed         |       |       |     4 |    38 |    34 |    66 ||   142
         Betrayed ally     |       |       |     1 |       |       |       ||     1
         Distracted        |       |       |       |       |     2 |     1 ||     3
         Invisible         |       |       |       |       |     8 |       ||     8
         Petrified         |       |       |       |       |       |     1 ||     1
 Armour: Leather armour    |     5 |       |       |    29 |     4 |       ||    38
         Ring mail         |    69 |    72 |    98 |    44 |       |       ||   283
         Skin              |       |    26 |       |    27 |       |       ||    53
         Robe              |       |       |       |    41 |       |       ||    41
         Troll leather arm |       |       |       |       |   189 |   223 ||   412
  Dodge: Dodged            |    89 |    72 |   105 |   189 |   323 |   392 ||  1170
  Block: Buckler           |       |    19 |    60 |   127 |   168 |   325 ||   699
         Reflection        |       |       |       |       |       |     9 ||     9

Table legend: (Time is in decaauts)
 A = Elapsed time spent in this place.
 B = Non-inter-level travel time spent in this place.
 C = Inter-level travel time spent in this place.
 D = Time resting spent in this place.
 E = Time spent auto-exploring this place.
 F = Levels seen in this place.
 G = Mean time per level.
                   A        B        C        D        E       F      G
               +--------+--------+--------+--------+--------+-----+--------+
         Total |  42218 |  38168 |   4050 |   6699 |  22678 |  35 | 1206.2 |
       Dungeon |  19443 |  17048 |   2395 |   1856 |  10916 |  15 | 1296.2 |
          Lair |   7039 |   6480 |    559 |   1027 |   4248 |   5 | 1407.8 |
        Shoals |   5493 |   5312 |    181 |   1219 |   3373 |   4 | 1373.2 |
   Spider Nest |   6055 |   5560 |    495 |   1735 |   2758 |   4 | 1513.8 |
  Orcish Mines |   2649 |   2231 |    418 |    525 |   1008 |   2 | 1324.5 |
   Elven Halls |     78 |     78 |      0 |      0 |      0 |   1 |   78.0 |
        Bazaar |    160 |    160 |      0 |      0 |    122 |   1 |  160.0 |
         Sewer |    368 |    368 |      0 |     85 |    176 |   1 |  368.0 |
       Ossuary |    527 |    527 |      0 |    219 |     76 |   1 |  527.0 |
      Gauntlet |    401 |    401 |      0 |     32 |      0 |   1 |  401.0 |
               +--------+--------+--------+--------+--------+-----+--------+

Top non-repeatable levels by time:
    D:10: 2541 daAuts
Spider:4: 2242 daAuts
   Orc:2: 1855 daAuts
  Lair:1: 1797 daAuts
Spider:2: 1738 daAuts
    D:11: 1707 daAuts
    D:14: 1695 daAuts
Shoals:4: 1673 daAuts
    D:15: 1622 daAuts
  Lair:5: 1576 daAuts
     D:8: 1521 daAuts
     D:9: 1437 daAuts
    D:12: 1395 daAuts
  Lair:4: 1374 daAuts
Shoals:3: 1361 daAuts
